[Event "*** SCC Grand Prix: Titled Tuesday Blitz"]
[Site "Chess.com"]
[Date "2020.09.08"]
[Round "8"]
[White "Taron_Shagbazyan"]
[Black "sodastream007"]
[Result "0-1"]
[WhiteElo "2671"]
[BlackElo "2563"]
[TimeControl "180+1"]
[EndTime "11:35:21 PDT"]
[Termination "sodastream007 won by checkmate"]

1. d4 d5 2. c4 c6 3. Nf3 Nf6 4. Nbd2 e6 5. g3 Nbd7 6. Bg2 Bd6 7. O-O O-O 8. b3 e5 9. cxd5 e4 10. Nh4 cxd5 11. Nf5 Bb4 12. Bb2 Nb8 13. Ne3 Re8 14.
h3 Nc6 15. a3 Bd6 16. b4 Be6 17. Nb3 b6 18. Rc1 Ne7 19. Bc3 Qd7 20. Kh2 h5 21. Be1 h4 22. Nc2 Nh5 23. e3 g6 24. Rg1 Nf5 25.
Bf1 hxg3+ 26. fxg3 Nh4 27. Be2 Bxh3 28. Bxh5 gxh5 29.
Qxh5 Nf3+ 30. Kh1 Bg4 31. Qxd5 Kg7 32. Kg2 Rh8 33. Kf1 Rh2 34. Bf2 Bh3+ 35. Ke2 Rc8 36. Nd2 Qg4 37. Qxe4 Nxg1+ 38. Kd3 Qe2# 0-1

[Event "*** SCC Grand Prix: Titled Tuesday Blitz"]
[Site "Chess.com"]
[Date "2020.09.08"]
[Round "8"]
[White "laboratorio25"]
[Black "ChessicallyInclined"]
[Result "0-1"]
[WhiteElo "2400"]
[BlackElo "2555"]
[TimeControl "180+1"]
[EndTime "11:35:28 PDT"]
[Termination "ChessicallyInclined won on time"]

1. e4 d6 2. d4 Nf6 3. Nc3 g6 4. f3 Bg7 5. Be3 c6 6. Qd2 Nbd7 7. h4 h5 8. Nh3 b5 9. Ng5 Qc7 10. Bd3 b4 11. Ne2 a5 12. a3 Rb8 13. axb4 axb4 14. c3 c5 15. Bc4 O-O 16. Rc1 bxc3 17. bxc3 Nb6 18. Ba2 Ba6 19. Kf2 Nc4 20. Bxc4 Bxc4 21. dxc5 d5 22. exd5 Nxd5 23. Bd4 e5 24. Be3 Nxe3 25.
Qxe3 Rb2 26. Rhe1 Rd8 27. Ne4 f5 28. Ng5 Bf8 29. Kf1 Bxc5 0-1

[Event "*** SCC Grand Prix: Titled Tuesday Blitz"]
[Site "Chess.com"]
[Date "2020.09.08"]
[Round "8"]
[White "RestartingChess"]
[Black "CrazyMartian"]
[Result "1-0"]
[WhiteElo "2432"]
[BlackElo "2307"]
[TimeControl "180+1"]
[EndTime "11:35:29 PDT"]
[Termination "RestartingChess won by resignation"]

1. e4 c5 2. Nf3 d6 3. Bb5+ Bd7 4. c4 a6 5. Bxd7+ Nxd7 6. Nc3 Ngf6 7. d3 g6 8. h3 Bg7 9. Be3 e5 10. Qd2 Nf8 11.
Bh6 Bxh6 12. Qxh6 Ne6 13. Nd5 Nxd5 14. cxd5 Nf4 15. Qg7 Rf8 16. Nxe5 Qg5 17. Ng4 Nxg2+ 18. Kf1 Nf4 19. Rg1 O-O-O 20. Rg3 Rg8 21. Qf6 Qxf6 22. Nxf6 Rh8 23. Rf3 g5 24. Ke1 Ng6 25. Kd2 Ne5 26. Rf5 h6 27. Ng4 Nxg4 28. hxg4 Rh7 29. Rh1 Kd7 30.
Rxg5 hxg5 31. Rxh7 Ke7 32. Ke3 b5 33. f4 gxf4+ 34.
Kxf4 c4 35. dxc4 bxc4 36. g5 Rg8 37. Kf5 a5 38. a4 Ke8 39. Rh3 Kd7 40. Rc3 Rb8 41.
Rc2 Rb3 42. Kf6 Rf3+ 43. Kg7 Ke7 44. Rxc4 Kd7 45. b4 axb4 46. Rxb4 Rf4 47. Rb7+ Kc8 48. Rxf7 Rxe4 49. g6 Rxa4 50. Kf8 1-0

[Event "*** SCC Grand Prix: Titled Tuesday Blitz"]
[Site "Chess.com"]
[Date "2020.09.08"]
[Round "8"]
[White "gmasterkiller"]
[Black "LiemLe"]
[Result "1/2-1/2"]
[WhiteElo "2585"]
[BlackElo "2959"]
[TimeControl "180+1"]
[EndTime "11:35:32 PDT"]
[Termination "Game drawn by repetition"]

1. e4 c6 2. d4 d5 3. Nc3 dxe4 4. Nxe4 Bf5 5. Ng3 Bg6 6. h4 h6 7. Nf3 e6 8. Ne5 Bh7 9. Bd3 Bxd3 10. Qxd3 Nd7 11.
Bf4 Nxe5 12. Bxe5 Qa5+ 13. c3 Nf6 14. Ne4 Ng4 15. Bg3 Be7 16. O-O O-O 17. b4 Qh5 18.
f3 Nf6 19. Nxf6+ Bxf6 20. Qe4 a5 21. a3 Ra6 22. Be5 Qxh4 23. Qxh4 Bxh4 24. b5 cxb5 25. Rfb1 Rc8 26. Rxb5 Rxc3 27. Rxb7 f6 28. Bf4 Bg5 29. Bxg5 hxg5 30. Rab1 g4 31. Re7 g3 32. Kf1 Rac6 33.
Rbb7 Re3 34. Rxg7+ Kf8 35. Rxg3 Rxa3 36. Rh3 Kg8 37.
Rg3+ Kf8 38. Rh3 Kg8 39. Rg3+ Kf8 1/2-1/2

[Event "*** SCC Grand Prix: Titled Tuesday Blitz"]
[Site "Chess.com"]
[Date "2020.09.08"]
[Round "8"]
[White "AlexOstrovskiy"]
[Black "Rodchenkov_Vitalij"]
[Result "1-0"]
[WhiteElo "2740"]
[BlackElo "2575"]
[TimeControl "180+1"]
[EndTime "11:35:34 PDT"]
[Termination "AlexOstrovskiy won by resignation"]

1. d4 Nf6 2. Bf4 d5 3. e3 e6 4. Nd2 Bd6 5. Bg3 O-O 6. Bd3 c5 7. c3 Qc7 8. Ngf3 Nbd7 9. Rc1 e5 10. dxe5 Nxe5 11. Nxe5 Bxe5 12. Nf3 Bxg3 13. hxg3 h6 14.
c4 dxc4 15. Bxc4 b5 16. Be2 Be6 17. O-O Qb6 18. Qc2 Rac8 19. Rfd1 a6 20. b3 Rfd8 21. Rxd8+ Qxd8 22. Rd1 Qa5 23. Ne5 Nd5 24. Bg4 Bxg4 25. Nxg4 Nb4 26. Qe4 Qxa2 27. Nxh6+ Kf8 28. Qf5 Rc7 29.
Rd8+ Ke7 30. Nxf7 Qa1+ 31. Kh2 Qf6 32. Qe4+ Qe6 33. Re8+ Kxe8 34. Qxe6+ Re7 35. Nd6+ 1-0

[Event "*** SCC Grand Prix: Titled Tuesday Blitz"]
[Site "Chess.com"]
[Date "2020.09.08"]
[Round "8"]
[White "Carnivoras"]
[Black "pedromartinez91"]
[Result "0-1"]
[WhiteElo "2628"]
[BlackElo "2500"]
[TimeControl "180+1"]
[EndTime "11:35:34 PDT"]
[Termination "pedromartinez91 won by resignation"]

1. d4 c5 2. d5 Nf6 3. c4 d6 4. Nc3 g6 5. e4 Bg7 6. Bd3 O-O 7.
Nge2 Na6 8. O-O Nc7 9. a4 Na6 10. Be3 Nb4 11. Bb1 Nd7 12. Qd2 Ne5 13. b3 e6 14. h3 exd5 15. exd5 f5 16. Nf4 Re8 17. Rd1 Qf6 18. Ra3 Nf3+ 19. gxf3 Qxc3 20. Qxc3 Bxc3 21. Nd3 f4 22. Bxf4 Nxd3 23. Bxd3 Rd8 24. Kh2 b6 25.
Ra2 Bb7 26. Re2 Rd7 27. Re6 Rf8 28. Bxd6 Rxd6 29. Rxd6 Be5+ 30. Kg2 Bxd6 31. Re1 Bc8 32. h4 Kf7 33. h5 gxh5 34. Rh1 Rg8+ 35. Kf1 Rg5 36.
Bxh7 Bf5 37. Bxf5 Rxf5 38. Ke2 Kg6 39. Ke3 Rg5 40. Rh4 Re5+ 41. Kd3 Rf5 42. Ke4 Re5+ 43. Kd3 Re8 44. f4 Re1 45. Kd2 Rb1 46. Kc2 Rf1 0-1

[Event "*** SCC Grand Prix: Titled Tuesday Blitz"]
[Site "Chess.com"]
[Date "2020.09.08"]
[Round "8"]
[White "dachessmandan"]
[Black "uthoang"]
[Result "1-0"]
[WhiteElo "2411"]
[BlackElo "2266"]
[TimeControl "180+1"]
[EndTime "11:35:34 PDT"]
[Termination "dachessmandan won by checkmate"]

1. e4 c6 2. d4 d5 3. exd5 cxd5 4. Bd3 Nc6 5. c3 g6 6. Bf4 Bg7 7. Nf3 Nh6 8. Nbd2 O-O 9. O-O f6 10. Re1 Nf7 11. Bb5 e5 12. Bxc6 bxc6 13. dxe5 fxe5 14. Nxe5 Nxe5 15. Bxe5 Bxe5 16. Rxe5 Qf6 17. Qe2 Bd7 18. f3 Rab8 19. Nb3 Bf5 20. Re1 Kg7 21. Re7+ Rf7 22. Rxf7+ Kxf7 23. Nd4 Bd7 24. b4 a5 25. a3 axb4 26. axb4 Ra8 27. Qe5 Qxe5 28. Rxe5 Ra1+ 29. Kf2 Rc1 30. Re3 Rb1 31. Re2 Kf6 32. f4 Rc1 33. Rc2 Rh1 34. h3 Rd1 35. Ke2 Rg1 36.
Kf2 Rd1 37. Ra2 Rc1 38. Ra7 Bf5 39. g4 Be4 40. g5# 1-0

[Event "*** SCC Grand Prix: Titled Tuesday Blitz"]
[Site "Chess.com"]
[Date "2020.09.08"]
[Round "8"]
[White "saraswathii"]
[Black "Ba_clbaf_osed_ingo_3v21"]
[Result "0-1"]
[WhiteElo "2342"]
[BlackElo "2535"]
[TimeControl "180+1"]
[EndTime "11:35:36 PDT"]
[Termination "Ba_clbaf_osed_ingo_3v21 won by resignation"]

1. e4 c5 2. Nf3 d6 3. d3 Nc6 4. g3 g6 5. Bg2 Bg7 6. O-O e6 7. c3 Nge7 8. Be3 O-O 9. d4 b6 10. Re1 Ba6 11. Na3 Qc7 12. Rc1 Rac8 13. Qd2 Qb7 14. h4 h5 15. Ng5 cxd4 16. cxd4 d5 17.
exd5 Nxd5 18. Bxd5 exd5 19. Nc2 Rfe8 20. b3 Qd7 21.
Kg2 Qf5 22. Nb4 Nxb4 23. Qxb4 Bd3 24. Qd2 f6 25. Nh3 Be4+ 26. Kh2 Qf3 27. Rg1 Bf8 28. Qd1 Ba3 29. Qxf3 Bxf3 30. Rce1 Rc2 31. Nf4 Kf7 32.
Nd3 Re7 33. Ra1 Rxe3 0-1

[Event "*** SCC Grand Prix: Titled Tuesday Blitz"]
[Site "Chess.com"]
[Date "2020.09.08"]
[Round "8"]
[White "lucachess49"]
[Black "Karina_Ivanova"]
[Result "0-1"]
[WhiteElo "2410"]
[BlackElo "2269"]
[TimeControl "180+1"]
[EndTime "11:35:36 PDT"]
[Termination "Karina_Ivanova won by resignation"]

1. d4 Nf6 2. c4 e6 3. Nc3 Bb4 4. e3 c5 5. Ne2 cxd4 6. exd4 d5 7.
c5 O-O 8. a3 Bxc3+ 9. Nxc3 e5 10. dxe5 Re8 11. Be2 Rxe5 12. O-O d4 13. Nb5 Rxc5 14.
Qxd4 Qxd4 15. Nxd4 Nc6 16. Be3 Nxd4 17. Bxd4 Rc2 18.
Bf3 Bg4 19. Bxb7 Rb8 20. Ba6 Be2 21. Bxe2 Rxe2 22. b4 a6 23. Rfc1 Rd8 24. Bxf6 gxf6 25.
Rc6 Rdd2 26. Rf1 Re6 27. Rfc1 Rxc6 0-1

[Event "*** SCC Grand Prix: Titled Tuesday Blitz"]
[Site "Chess.com"]
[Date "2020.09.08"]
[Round "8"]
[White "ChelsieMonica"]
[Black "fabianvivasz"]
[Result "1-0"]
[WhiteElo "2431"]
[BlackElo "2307"]
[TimeControl "180+1"]
[EndTime "11:35:38 PDT"]
[Termination "ChelsieMonica won on time"]

1. c4 Nf6 2. Nc3 c5 3. Nf3 d5 4.
g3 d4 5. Nb1 Nc6 6. d3 e5 7.
Bg2 Bd6 8. e4 O-O 9. O-O a6 10.
Nh4 Ne8 11. Nf5 Ne7 12. Nxd6 Qxd6 13. f4 Nc6 14. f5 b5 15. b3 f6 16. g4 Rb8 17. g5 a5 18. cxb5 Rxb5 19. Na3 Rb7 20.
Nc4 Qb8 21. Ba3 Qa7 22. Qh5 a4 23. Kh1 fxg5 24. Qxg5 axb3 25. axb3 Rxb3 26. Rf3 Nf6 27.
Rg3 Rf7 28. Bf1 Ba6 29. Nd6 Bxd3 30. Nxf7 Bxe4+ 31. Kg1 Rxg3+ 32. Qxg3 Qxf7 33. Bxc5 Ne7 34. Ra7 1-0

[Event "*** SCC Grand Prix: Titled Tuesday Blitz"]
[Site "Chess.com"]
[Date "2020.09.08"]
[Round "8"]
[White "VerdeNotte"]
[Black "Rodalquilar"]
[Result "1-0"]
[WhiteElo "2847"]
[BlackElo "2657"]
[TimeControl "180+1"]
[EndTime "11:35:39 PDT"]
[Termination "VerdeNotte won on time"]

1. c4 e6 2. g3 d5 3. Bg2 Nf6 4.
Nf3 Be7 5. O-O O-O 6. b3 a5 7. Bb2 a4 8. d3 c6 9. cxd5 exd5 10. bxa4 Na6 11. Nc3 Nc5 12. Nd4 Qa5 13. Nb3 Qb4 14.
Qc2 Nxa4 15. Nxa4 Qxa4 16. e4 dxe4 17. dxe4 Be6 18. Rfc1 Rfd8 19. h3 Qb4 20. Bc3 Qb6 21. Kh2 Ra3 22. e5 Nd5 23. Bd4 Qa6 24. Nc5 Bxc5 25. Bxc5 Rc3 26. Qd2 Rxc1 27. Rxc1 Qa8 28. Rd1 Rd7 29. Qc2 Qd8 30. Rb1 b6 31. Bd6 c5 32.
Be4 Nb4 33. Qa4 Bxa2 34. Rxb4 cxb4 35. Qxa2 Qc8 36. Bf5 b3 37. Qxb3 Qc2 38. Qxc2 1-0

[Event "*** SCC Grand Prix: Titled Tuesday Blitz"]
[Site "Chess.com"]
[Date "2020.09.08"]
[Round "8"]
[White "LuisFSiles"]
[Black "AlexSuv"]
[Result "0-1"]
[WhiteElo "2352"]
[BlackElo "2542"]
[TimeControl "180+1"]
[EndTime "11:35:40 PDT"]
[Termination "AlexSuv won on time"]

1. e4 c5 2. c3 Nf6 3. e5 Nd5 4. Nf3 e6 5. Bc4 Nb6 6. Bb3 d6 7. d4 cxd4 8. cxd4 Nc6 9. exd6 Bxd6 10. O-O O-O 11. Nc3 h6 12. a3 Ne7 13. Bc2 Nbd5 14. Qd3 Nf6 15. Rd1 b6 16. Ne4 Ned5 17.
Nxd6 Qxd6 18. Ne5 Bb7 19. Qh3 Rac8 20. Bd3 Rxc1 21. Raxc1 Nf4 22. Qg3 N6h5 23. Qh4 Bxg2 24. Bf1 Ba8 25. Rc3 Qd5 26. f3 g5 27. Qg4 f5 28. Bc4 Qd6 0-1

[Event "*** SCC Grand Prix: Titled Tuesday Blitz"]
[Site "Chess.com"]
[Date "2020.09.08"]
[Round "8"]
[White "kirillshevchenko"]
[Black "mishanick"]
[Result "1-0"]
[WhiteElo "2871"]
[BlackElo "2996"]
[TimeControl "180+1"]
[EndTime "11:35:42 PDT"]
[Termination "kirillshevchenko won by resignation"]

1. e4 c5 2. c3 Nf6 3. e5 Nd5 4.
Bc4 Nb6 5. Bb3 d6 6. exd6 Qxd6 7. Na3 Nc6 8. d4 cxd4 9. Nb5 Qd8 10. Nf3 Bg4 11. h3 Bxf3 12. Qxf3 e6 13. O-O Be7 14.
Rd1 Bf6 15. Nxd4 Bxd4 16. cxd4 O-O 17. Qe4 Nd5 18. Bc2 Nf6 19. Qh4 Ne7 20. Bg5 Ng6 21. Bxg6 hxg6 22. Rd3 Qb6 23. Rb3 Qc6 24. Rc1 Qa6 25.
Bxf6 gxf6 26. Qxf6 Qxa2 27. Rxb7 Rab8 28. Re7 Rxb2 29.
Rxf7 1-0

[Event "*** SCC Grand Prix: Titled Tuesday Blitz"]
[Site "Chess.com"]
[Date "2020.09.08"]
[Round "8"]
[White "AlexTriapishko"]
[Black "exoticprincess"]
[Result "1/2-1/2"]
[WhiteElo "2751"]
[BlackElo "2888"]
[TimeControl "180+1"]
[EndTime "11:35:43 PDT"]
[Termination "Game drawn by repetition"]

1. Nf3 d5 2. g3 c5 3. Bg2 d4 4.
O-O Nc6 5. c3 e5 6. d3 Bd6 7. a4 Nge7 8. Na3 O-O 9. Nd2 b6 10. Ndc4 Bc7 11. b4 cxb4 12. cxb4 Bg4 13. Bd2 Nd5 14. Nb5 Rc8 15. Nxc7 Rxc7 16. b5 Ncb4 17.
Nxe5 Bh5 18. Bxb4 Nxb4 19. Qb3 Qe7 20. g4 Qxe5 21. gxh5 Nc2 22. Rac1 Rfc8 23. Bc6 Qxe2 24. Rxc2 Qg4+ 25. Kh1 Rxc6 26. Rxc6 Qf3+ 27. Kg1 Qg4+ 28. Kh1 Qf3+ 29. Kg1 Qg4+ 30. Kh1 1/2-1/2

[Event "*** SCC Grand Prix: Titled Tuesday Blitz"]
[Site "Chess.com"]
[Date "2020.09.08"]
[Round "8"]
[White "Izoria123"]
[Black "Iball95"]
[Result "1-0"]
[WhiteElo "2880"]
[BlackElo "2729"]
[TimeControl "180+1"]
[EndTime "11:35:47 PDT"]
[Termination "Izoria123 won by checkmate"]

1. Nf3 Nf6 2. c4 c5 3. Nc3 g6 4. e4 Nc6 5. d4 cxd4 6. Nxd4 d6 7. Be2 Nxd4 8. Qxd4 Bg7 9. O-O O-O 10. Bd2 Be6 11.
Qe3 Qa5 12. Nd5 Qd8 13. Rac1 Bxd5 14. cxd5 Nd7 15. b4 Qb6 16. Qxb6 axb6 17. Rc2 Rfc8 18. Rfc1 Rxc2 19. Rxc2 Bd4 20. Kf1 f5 21. exf5 gxf5 22.
Bd3 b5 23. Bxf5 Nb6 24. Be6+ Kf8 25. Rc7 Rxa2 26. Bh6+ Ke8 27. Rxb7 Rxf2+ 28. Ke1 Kd8 29. Bf8 Nc4 30. Bxe7+ Ke8 31. Bh4 Rxg2 32. Rb8# 1-0

[Event "*** SCC Grand Prix: Titled Tuesday Blitz"]
[Site "Chess.com"]
[Date "2020.09.08"]
[Round "8"]
[White "wannabe2700"]
[Black "Andreikka"]
[Result "0-1"]
[WhiteElo "2640"]
[BlackElo "2822"]
[TimeControl "180+1"]
[EndTime "11:35:47 PDT"]
[Termination "Andreikka won by resignation"]

1. e4 e5 2. Nf3 Nc6 3. Bb5 a6 4. Ba4 Nf6 5. O-O Be7 6. Re1 b5 7. Bb3 O-O 8. c3 d6 9. h3 Bb7 10. d4 Re8 11. Nbd2 Bf8 12. Nf1 exd4 13. Ng5 Re7 14.
cxd4 h6 15. Nxf7 Rxf7 16. f4 d5 17. e5 Ne4 18. f5 Na5 19. g4 Nxb3 20. axb3 c5 21. Be3 Qh4 22. Kg2 Re8 23. Rc1 cxd4 24. Bxd4 Rxe5 25. Qf3 Nd2 26. Nxd2 Rxe1 27. Bf2 d4 28.
Rxe1 Bxf3+ 29. Nxf3 Qd8 30. Ne5 Re7 31. Bg3 Qd5+ 32. Kf2 d3 33. b4 d2 34. Rd1 Rxe5 35.
Rxd2 Qxd2+ 0-1

[Event "*** SCC Grand Prix: Titled Tuesday Blitz"]
[Site "Chess.com"]
[Date "2020.09.08"]
[Round "8"]
[White "RobertoJBM"]
[Black "ShahMatKanal"]
[Result "0-1"]
[WhiteElo "2669"]
[BlackElo "2556"]
[TimeControl "180+1"]
[EndTime "11:35:48 PDT"]
[Termination "ShahMatKanal won by checkmate"]

1. d4 d5 2. c4 e6 3. Nc3 Nf6 4. cxd5 exd5 5. Bg5 c6 6. e3 Qb6 7. Bxf6 Qxb2 8. Rc1 Bb4 9. Qd2 Qxd2+ 10. Kxd2 gxf6 11. Bd3 Rg8 12. g3 h5 13. Ne2 Be6 14.
Nf4 Rh8 15. h4 Nd7 16. Be2 Bg4 17. Bxg4 hxg4 18. Rb1 a5 19. a3 Bxc3+ 20. Kxc3 b5 21. Nd3 Nb6 22. Nc5 Nc4 23. Ra1 Ke7 24. Ra2 b4+ 25.
axb4 axb4+ 26. Kb3 Ra3+ 27. Rxa3 bxa3 28. Ka2 Rb8 29.
Nd3 Nd2 30. h5 Ne4 31. Kxa3 Kd6 32. h6 c5 33. dxc5+ Nxc5 34. Nf4 Ne4 35. Rh2 Kc5 36. h7 Kc4 37. h8=Q Rb3+ 38. Ka4 Nc5+ 39. Ka5 Rb5# 0-1

[Event "*** SCC Grand Prix: Titled Tuesday Blitz"]
[Site "Chess.com"]
[Date "2020.09.08"]
[Round "8"]
[White "Justinz"]
[Black "AldokhinIvan"]
[Result "0-1"]
[WhiteElo "2409"]
[BlackElo "2575"]
[TimeControl "180+1"]
[EndTime "11:35:49 PDT"]
[Termination "AldokhinIvan won by resignation"]

1. e4 c5 2. Nf3 e6 3. d4 cxd4 4.
Nxd4 a6 5. c4 Qc7 6. Nc3 Nf6 7. a3 d6 8. Be3 Be7 9. Be2 O-O 10. O-O Nbd7 11. Rc1 b6 12. f3 Bb7 13.
Qd2 Rac8 14. Rfd1 Qb8 15. Bf1 Bd8 16. Kh1 Bc7 17. Bg1 Kh8 18. b4 Rg8 19. Nb3 g5 20. h3 Rg6 21. a4 h5 22. a5 bxa5 23. Nxa5 g4 24. c5 Bxa5 25. bxa5 dxc5 26. Bh2 Qa8 27.
Bd6 gxf3 28. gxf3 Rcg8 29. Bd3 e5 30. Rg1 Rxg1+ 31. Rxg1 Rxg1+ 32. Kxg1 Qg8+ 33. Kh2 Qg6 34. Bc4 h4 35. Qf2 Nxe4 36. Qxh4+ Kg7 37. Nxe4 Bxe4 38. Bxe5+ Nxe5 39. Qxe4 Qxe4 40. fxe4 Nxc4 0-1

[Event "*** SCC Grand Prix: Titled Tuesday Blitz"]
[Site "Chess.com"]
[Date "2020.09.08"]
[Round "8"]
[White "nitpicker"]
[Black "RamyresCoelho"]
[Result "1-0"]
[WhiteElo "2217"]
[BlackElo "1795"]
[TimeControl "180+1"]
[EndTime "11:35:49 PDT"]
[Termination "nitpicker won by checkmate"]

1. d4 Nf6 2. c4 g6 3. Nc3 d5 4. Nf3 Bg7 5. Qb3 dxc4 6. Qxc4 O-O 7. e4 c6 8. h3 b5 9. Qd3 b4 10. Na4 Ba6 11. Qe3 Bxf1 12. Kxf1 Qa5 13. b3 Na6 14.
g4 Rfd8 15. Bb2 Nd7 16. Kg2 Nb6 17. Nxb6 Qxb6 18. Rac1 Rac8 19. Rc2 Nc7 20. Rhc1 Nb5 21. Rc4 a5 22. Ba1 e6 23. e5 Na3 24. Rc5 Bf8 25. Ng5 Bxc5 26. dxc5 Qc7 27. Ne4 Qe7 28. Qh6 f5 29.
exf6 Qf8 30. f7+ Qxf7 31. Nf6+ Kh8 32. Nxh7+ Kg8 33. Nf6+ Qxf6 34. Bxf6 Rd7 35. Qh8+ Kf7 36. Qg7+ Ke8 37. Qg8# 1-0

[Event "*** SCC Grand Prix: Titled Tuesday Blitz"]
[Site "Chess.com"]
[Date "2020.09.08"]
[Round "8"]
[White "abykhovsky"]
[Black "gui_borba"]
[Result "1/2-1/2"]
[WhiteElo "2644"]
[BlackElo "2429"]
[TimeControl "180+1"]
[EndTime "11:35:52 PDT"]
[Termination "Game drawn by repetition"]

1. d4 Nf6 2. Nf3 e6 3. c4 d5 4. Nc3 a6 5. cxd5 exd5 6. Bg5 Be6 7. e3 Nbd7 8. Qc2 h6 9. Bh4 c6 10. Bd3 Bd6 11. O-O-O Qc7 12. Kb1 O-O-O 13. Rc1 Kb8 14.
Na4 Rhe8 15. Nc5 g5 16. Bg3 Bxg3 17. hxg3 Ng4 18. Qe2 Nxc5 19. Rxc5 Qd7 20. Qc2 Rh8 21. Ka1 f6 22. b4 Rc8 23. a4 h5 24. Rb1 Nh6 25. Qb2 Bf5 26. Bxf5 Nxf5 27. b5 cxb5 28. axb5 Rxc5 29. dxc5 Qxb5 30. Qxb5 axb5 31. Rxb5 Kc7 32. Rb6 Ra8+ 33. Kb2 Ra6 34. Rxa6 bxa6 35. Nd4 Nxd4 36. exd4 Kc6 37. Kb3 Kb5 38. Ka3 Ka5 39. Kb3 Kb5 40. Kc3 f5 41. f4 g4 42. Kd3 Kc6 43. Kc2 Kb5 44. Kb3 Ka5 45. Ka3 Kb5 46. Kb3 Ka5 47.
Ka3 Kb5 48. Kb3 1/2-1/2

[Event "*** SCC Grand Prix: Titled Tuesday Blitz"]
[Site "Chess.com"]
[Date "2020.09.08"]
[Round "8"]
[White "jefferyx"]
[Black "KuzubovYuriy"]
[Result "0-1"]
[WhiteElo "2933"]
[BlackElo "2934"]
[TimeControl "180+1"]
[EndTime "11:35:53 PDT"]
[Termination "KuzubovYuriy won by resignation"]

1. d4 Nf6 2. c4 e6 3. Nc3 d5 4.
Bg5 Nbd7 5. e3 h6 6. Bh4 Be7 7. Nf3 O-O 8. Bd3 dxc4 9. Bxc4 a6 10. a4 c5 11. O-O cxd4 12. Nxd4 Ne5 13. Be2 Bd7 14. Bg3 Nc6 15. Bf3 Rc8 16. Rc1 Nxd4 17. Qxd4 Bc6 18. Rfd1 Qxd4 19. Rxd4 Bxf3 20. gxf3 Rfd8 21.
Rcd1 Rxd4 22. Rxd4 Kf8 23. Kf1 Ke8 24. Ke2 Nd7 25. Bd6 Bf6 26. Rd3 Bxc3 27. Rxc3 Rxc3 28. bxc3 Nb6 29. a5 Nc4 30. Bb4 Kd7 31. Kd3 Ne5+ 32. Ke4 Nc6 33. Bf8 g6 34. Bb4 f5+ 35. Kd3 Ne5+ 36.
Ke2 Kc6 37. Bf8 Kd5 38. Bxh6 Nc6 39. Kd3 Nxa5 40. e4+ Kd6 41. Bf8+ Kd7 42. Kd4 Nc6+ 43. Kc5 Ne5 44. Kb6 Kc8 45. Kc5 Nd7+ 46. Kd6 Nxf8 47. Ke7 a5 0-1

[Event "*** SCC Grand Prix: Titled Tuesday Blitz"]
[Site "Chess.com"]
[Date "2020.09.08"]
[Round "8"]
[White "DishonorOnYourCow"]
[Black "OscarAng"]
[Result "0-1"]
[WhiteElo "2338"]
[BlackElo "2260"]
[TimeControl "180+1"]
[EndTime "11:35:53 PDT"]
[Termination "OscarAng won on time"]

1. d4 d5 2. c4 e6 3. Nc3 Nf6 4. cxd5 exd5 5. Bg5 c6 6. e3 h6 7. Bh4 Bf5 8. Qf3 Bg6 9. Bxf6 Qxf6 10. Qxf6 gxf6 11. h4 Bd6 12. h5 Bh7 13. Be2 Nd7 14. g3 b5 15. a3 Nb6 16. Nf3 Rg8 17. O-O-O a5 18. Bd3 Bxd3 19. Rxd3 b4 20. Nb1 Kd7 21. Nh4 Rgc8 22. Nf5 Bf8 23. Nd2 bxa3 24. bxa3 Rab8 25. Kd1 Nc4 26. Ke2 Rb2 27. Rc1 Rcb8 28. e4 dxe4 29.
Rxc4 exd3+ 30. Kxd3 Ra2 31. Ne4 Rxa3+ 32. Rc3 Rxc3+ 33.
Kxc3 a4 34. Nxf6+ Ke6 0-1

[Event "*** SCC Grand Prix: Titled Tuesday Blitz"]
[Site "Chess.com"]
[Date "2020.09.08"]
[Round "8"]
[White "maximnovik"]
[Black "enriquebutti"]
[Result "0-1"]
[WhiteElo "2498"]
[BlackElo "1873"]
[TimeControl "180+1"]
[EndTime "11:35:54 PDT"]
[Termination "enriquebutti won by resignation"]

1. c4 e5 2. g3 Nc6 3. Bg2 g6 4. Nc3 Bg7 5. e3 d6 6. Nge2 h5 7. h3 f5 8. d3 h4 9. a3 hxg3 10.
Nxg3 Nf6 11. b4 Ne7 12. Bb2 g5 13. Qc2 f4 14. Nge4 Nxe4 15. Nxe4 Nf5 16. Bf3 fxe3 17. fxe3 Nxe3 18. Qe2 Nf5 19. Bh5+ Ke7 20. O-O Be6 21. d4 Qg8 22. d5 Bd7 23. c5 Qxd5 24. Rad1 Qb3 25. cxd6+ cxd6 26. Nxd6 Qg3+ 27. Qg2 Qxg2+ 28. Kxg2 Ne3+ 29. Kg3 Nxf1+ 30. Rxf1 Kxd6 31. Rd1+ Ke7 0-1

[Event "*** SCC Grand Prix: Titled Tuesday Blitz"]
[Site "Chess.com"]
[Date "2020.09.08"]
[Round "8"]
[White "Caterpiller35"]
[Black "Misticpikachu"]
[Result "0-1"]
[WhiteElo "2447"]
[BlackElo "2298"]
[TimeControl "180+1"]
[EndTime "11:35:54 PDT"]
[Termination "Misticpikachu won by resignation"]

1. d4 e6 2. Bf4 Nf6 3. Nd2 d5 4. e3 Bd6 5. Bg3 O-O 6. Bd3 b6 7. c3 Bb7 8. Qe2 c5 9. Ngf3 Nc6 10. e4 dxe4 11. Nxe4 Nxe4 12. Qxe4 g6 13. dxc5 Ne5 14. Qxb7 Nxd3+ 15. Kf1 Bxg3 16. hxg3 Nxc5 17. Qc6 Qd3+ 18. Kg1 Rac8 19. Qxc8 Rxc8 20. Rh4 Qc2 21. b4 Ne4 22. Rf1 Nxc3 23. Ng5 h5 24. g4 hxg4 25.
Rxg4 Rd8 26. Kh2 Qe2 0-1

[Event "*** SCC Grand Prix: Titled Tuesday Blitz"]
[Site "Chess.com"]
[Date "2020.09.08"]
[Round "8"]
[White "Synctel"]
[Black "lacafi"]
[Result "0-1"]
[WhiteElo "1983"]
[BlackElo "2156"]
[TimeControl "180+1"]
[EndTime "11:35:57 PDT"]
[Termination "lacafi won by resignation"]

1. e4 c6 2. d4 d5 3. e5 Bf5 4. h4 h5 5. Bg5 Qb6 6. Bd3 Bxd3 7. Qxd3 e6 8. Nd2 c5 9. c3 Nc6 10. Ngf3 Nge7 11. Bxe7 Bxe7 12. O-O O-O 13. dxc5 Bxc5 14. Ng5 g6 15. Ndf3 Qc7 16. Rfe1 Ne7 17. Nd4 a6 18. g4 hxg4 19. h5 Rae8 20. hxg6 Nxg6 21. Qg3 Bxd4 22. cxd4 Kg7 23. Qxg4 Rh8 24. Kg2 Rh4 25. Qf3 Rf4 26.
Qg3 Rxd4 27. Rh1 Nf4+ 28. Kf1 Qc4+ 29. Kg1 Ne2+ 0-1

[Event "*** SCC Grand Prix: Titled Tuesday Blitz"]
[Site "Chess.com"]
[Date "2020.09.08"]
[Round "8"]
[White "nrvisakh"]
[Black "Artyom_ChessMate"]
[Result "1-0"]
[WhiteElo "2748"]
[BlackElo "2573"]
[TimeControl "180+1"]
[EndTime "11:35:58 PDT"]
[Termination "nrvisakh won by resignation"]

1. e4 c5 2. Nf3 d6 3. Bb5+ Bd7 4. Bxd7+ Qxd7 5. O-O Nc6 6. c4 Nf6 7. Nc3 g6 8. d4 cxd4 9. Nxd4 Bg7 10. Nc2 O-O 11. Qe2 Rac8 12. Rd1 Rfd8 13. Rb1 Ne5 14. b3 a6 15. Bb2 b5 16. cxb5 axb5 17. Nb4 Ra8 18. a3 Nc6 19. Ncd5 Nxd5 20. Nxd5 Qb7 21. Rbc1 Rac8 22.
b4 Bxb2 23. Qxb2 Ne5 24. Qd4 Nc4 25. a4 e5 26. Qc3 bxa4 27. Qh3 Kg7 28. Qh4 Nb6 29.
Qf6+ Kh6 30. Ne7 Rxc1 31. Nf5+ 1-0

[Event "*** SCC Grand Prix: Titled Tuesday Blitz"]
[Site "Chess.com"]
[Date "2020.09.08"]
[Round "8"]
[White "GregShahade"]
[Black "korbul"]
[Result "1-0"]
[WhiteElo "2610"]
[BlackElo "2455"]
[TimeControl "180+1"]
[EndTime "11:35:58 PDT"]
[Termination "GregShahade won by checkmate"]

1. e4 c5 2. Nf3 e6 3. d4 cxd4 4. Nxd4 Nf6 5. Nc3 d6 6. f3 a6 7. Be3 b5 8. Qd2 Bb7 9. g4 Nc6 10. O-O-O Rc8 11. Kb1 Be7 12. g5 Nd7 13. Nxc6 Bxc6 14.
a3 O-O 15. h4 Bb7 16. h5 Ne5 17. Be2 Qd7 18. Rhg1 g6 19. f4 Nc4 20. Bxc4 Rxc4 21. Qd3 Rfc8 22. Bd4 a5 23. hxg6 fxg6 24. Rh1 Bf8 25.
Rh2 b4 26. axb4 axb4 27. Na2 Qc6 28. Rxh7 e5 29. Qh3 Rxd4 30. Qe6+ Kxh7 31. Qf7+ Bg7 32. Rh1# 1-0